 Dungeon Crawl Stone Soup version 0.32-a0-5-gbffa963729 (webtiles) character file.

Game seed: 16300315569474781686

835 Flugslaktarn the Trooper (level 7, 0/99 HPs)
             Began as a Minotaur Fighter on Jan 13, 2024.
             Was an Initiate of Okawaru.
             Slain by an iguana (10 damage)
             ... on level 5 of the Dungeon.
             The game lasted 00:02:30 (3987 turns).

Flugslaktarn the Trooper (Minotaur Fighter)         Turns: 3987, Time: 00:02:31

Health: 0/99       AC: 11    Str: 22    XL:     7   Next: 66%
Magic:  6/6        EV:  7    Int:  5    God:    Okawaru [......]
Gold:   280        SH:  9    Dex: 10    Spells: 6/6 levels left

rFire   . . .        a - +0 war axe
rCold   . . .        g - +0 kite shield
rNeg    . . .        k - +0 chain mail
rPois   .            (helmet restricted)
rElec   .            (no cloak)
rCorr   .            x - +0 pair of gloves
SInv    .            (no boots)
Will    .....        (no amulet) Stlth
                     l - ring of flight
HPRegen 0.36/turn    (no ring)
MPRegen 0.10/turn

%: no passive effects
@: berserking, flying, very quick
A: horns 2, retaliatory headbutt, sense surroundings 1, wild magic 1
a: Renounce Religion


You were on level 5 of the Dungeon.
You worshipped Okawaru.
Okawaru was noncommittal.
You visited 1 branch of the dungeon, and saw 5 of its levels.
You also visited: Sewer.

You collected 280 gold pieces.

Inventory:

Hand Weapons
 a - a +0 war axe (weapon)
Missiles
 B - a throwing net (quivered)
Armour
 c - a +0 buckler
 g - a +0 kite shield (worn)
   (You found it on level 1 of the Dungeon)
 k - a +0 chain mail (worn)
   (You found it on level 1 of the Dungeon)
 x - a +0 pair of gloves (worn)
   (You found it on level 4 of the Dungeon)
Jewellery
 l - a ring of flight (left hand)
   (You found it on level 2 of the Dungeon)
 o - a ring of poison resistance
   (You found it on level 4 of the Dungeon)
Wands
 y - a wand of iceblast (12)
   (You found it on level 4 of the Dungeon)
Scrolls
 b - a scroll of blinking {unknown}
 e - 2 scrolls of vulnerability
 i - a scroll of brand weapon {unknown}
 j - 2 scrolls of fog
 q - 2 scrolls of revelation
 r - a scroll of butterflies {unknown}
 t - 5 scrolls of teleportation
 C - a scroll of amnesia {unknown}
Potions
 d - a potion of might
 f - a potion of mutation
 h - a potion of haste
 m - a potion of brilliance {unknown}
 n - a potion of resistance
 p - 2 potions of berserk rage
 s - a potion of lignification
 u - a potion of attraction {unknown}
 v - a potion of ambrosia {unknown}
 w - 2 potions of invisibility {unknown}
 z - 3 potions of enlightenment
 A - a potion of experience {unknown}


   Skills:
 * Level 7.1 Fighting
 * Level 6.3 Axes
 + Level 5.4 Armour
 + Level 5.4 Shields
 + Level 0.5 Invocations


You had 6 spell levels left.
You didn't know any spells.
Your spell library contained the following spells:

 Spells                   Type           Power      Damage    Failure   Level
 Summon Small Mammal      Summ           Unusable   N/A       N/A         1
 Call Canine Familiar     Summ           Unusable   N/A       N/A         3
 Summon Blazeheart Golem  Fire/Summ      Unusable   N/A       N/A         4

Dungeon Overview and Level Annotations

Branches:
Dungeon (5/15)             Temple (0/1) D:5           Sewer (visited)

Altars:
Ashenzari
Kikubaaqudgha
Makhleb
Okawaru
Qazlal

Shops:
D:2 ?   D:3 :

Annotations:
D:3 1 runed translucent door, noobster's ghost, amateur OpCj
D:5 Grinder


Innate Abilities, Weirdness & Mutations

You have a pair of horns on your head.
You reflexively headbutt those who attack you in melee.
You passively map a small area around you.
Your spells are a little harder to cast, but a little more powerful.


Message History

No target in view!
Found a leather armour.
There is a staircase to the Ecumenical Temple here.
A howler monkey comes into view.
The howler monkey howls!
The howler monkey hoots and howls with incredible vigour!
You hear a shout!
A howler monkey is nearby!
You hit the howler monkey.
The howler monkey is lightly wounded.
You block the howler monkey's attack. x2
You slash the howler monkey!
The howler monkey is almost dead.
You block the howler monkey's attack. The howler monkey barely misses you.
You furiously retaliate!
You headbutt the howler monkey!
You kill the howler monkey!
Okawaru accepts your kill.
No target in view!
No target in view!
No target in view!
No target in view!
You see here a howler monkey corpse.
Found a broken altar of Ashenzari.
No target in view!
Found a flail.
No target in view!
You see here a +0 flail.
You now have 280 gold pieces (gained 11).
Found a stone staircase leading up.
No target in view!
No target in view!
No target in view!
No target in view!
No target in view!
No target in view!
No target in view!
Grinder comes into view.
Grinder shouts!
Grinder is nearby!
Grinder is nearby!
Grinder gestures at you. Pain shoots through your body!
An iguana comes into view.
The iguana hisses angrily.
You slash Grinder!
Grinder is moderately wounded.
Grinder hits you.
You hit Grinder but do no damage. You headbutt Grinder.
Grinder is moderately wounded.
Grinder gestures at you. Pain shoots through your body!
You barely miss Grinder. Your headbutt misses Grinder.
Grinder is moderately wounded.
Grinder blinks!
The iguana bites you!
You hit Grinder but do no damage.
Grinder is moderately wounded.
You hit the iguana but do no damage. The iguana closely misses you.
Grinder hits you but does no damage.
The iguana bites you but does no damage.
Grinder barely misses you. Grinder attacks as she pursues you!
You block Grinder's attack.
You barely miss Grinder.
Grinder is moderately wounded.
You hit the iguana but do no damage. The iguana barely misses you.
You block Grinder's attack.
You hit Grinder but do no damage. Your headbutt misses Grinder.
Grinder is moderately wounded.
You completely miss the iguana. The iguana barely misses you.
You furiously retaliate!
You headbutt the iguana. Grinder hits you.
You barely miss Grinder.
Grinder is moderately wounded.
You barely miss the iguana. The iguana bites you!
Grinder hits you but does no damage.
The iguana bites you but does no damage.
Grinder hits you!
You writhe in agony.
You hit Grinder. Your headbutt misses Grinder.
Grinder is moderately wounded.
You closely miss the iguana.
The iguana bites you but does no damage.
Grinder gestures at you. Pain shoots through your body!
* * * LOW HITPOINT WARNING * * *
You closely miss Grinder. You headbutt Grinder, but do no damage.
Grinder is moderately wounded.
You closely miss the iguana. The iguana bites you!
* * * LOW HITPOINT WARNING * * *
Grinder barely misses you.
You are too injured to fight recklessly!
A red film seems to cover your vision as you go berserk!
You feel yourself moving faster!
You feel mighty! The iguana closely misses you. Grinder gestures at you.
Pain shoots through your body!
* * * LOW HITPOINT WARNING * * *
Unknown command.
You closely miss Grinder.
Grinder is moderately wounded.
You slash the iguana! The iguana bites you!
You die...

, .# , , , ...# * . _
,#...## ##.. ,
#....######.... 8
*#............., * *
*#............, *
#........... * ##.l@.......
< ##* ##...5....... , #.#
##............ ,, #.#
##.............
#.####.....#...............
*#.#.....###...#..........#
#.....## #....#........#
##...## #....##.......# ##
#..## #....##......####.


You could see Grinder and an iguana.

Vanquished Creatures
  2 crocodiles (Sewer)
  2 scorpions
  A howler monkey (D:5)
  A bombardier beetle (D:4)
  3 hounds (D:4)
  2 orc priests (D:4)
  A sleepcap (D:4)
  2 iguanas (D:4)
  A sickly merfolk siren (Sewer)
  A malarious merfolk avatar (Sewer)
  6 adders
  4 river rats
  An ufetubus (D:5)
  3 dart slugs
  A ribbon worm (D:3)
  6 orcs (D:4)
  3 endoplasms
  7 giant cockroaches
  5 goblins
  6 hobgoblins
  8 quokkas
  15 ball pythons
  4 bats
  8 frilled lizards
  4 kobolds
  27 rats
124 creatures vanquished.

Notes
Turn   | Place    | Note
-------+----------+-------------------------------------------
     0 | D:1      | Flugslaktarn the Minotaur Fighter began the quest for the
                  | Orb.
     0 | D:1      | Reached XP level 1. HP: 19/19 MP: 0/0
    77 | D:1      | Found a faded altar of an unknown god.
   116 | D:1      | Reached XP level 2. HP: 27/27 MP: 1/1
   186 | D:1      | Reached skill level 4 in Fighting
   470 | D:2      | Found Ivvaecoywn's Magic Scroll Shop.
   566 | D:2      | Reached XP level 3. HP: 33/33 MP: 2/2
  1487 | D:3      | Found a runed translucent door.
  1488 | D:3      | Noticed noobster's ghost (amateur OpCj)
  1527 | D:3      | Found Sowkurpho's Book Emporium.
  1545 | D:3      | Reached XP level 4. HP: 41/41 MP: 3/3
  2109 | D:4      | Reached skill level 5 in Fighting
  2218 | D:4      | Reached XP level 5. HP: 36/48 MP: 4/4
  2349 | D:4      | Found a glowing drain.
  2353 | Sewer    | Entered a sewer
  2586 | Sewer    | Noticed a crocodile
  2599 | Sewer    | Killed a crocodile
  2600 | Sewer    | Reached XP level 6. HP: 48/57 MP: 5/5
  2601 | Sewer    | Reached skill level 5 in Axes
  2642 | Sewer    | Reached skill level 6 in Fighting
  2663 | Sewer    | Reached skill level 5 in Shields
  2861 | D:4      | Gained mutation: You passively map a small area around you.
                  | [potion of mutation]
  2861 | D:4      | Gained mutation: Your spells are a little harder to cast,
                  | but a little more powerful. [potion of mutation]
  3052 | D:4      | Reached skill level 5 in Armour
  3052 | D:4      | Reached XP level 7. HP: 52/64 MP: 6/6
  3755 | D:5      | Entered Level 5 of the Dungeon
  3755 | D:5      | Found a stormy altar of Qazlal.
  3755 | D:5      | Found a burning altar of Makhleb.
  3755 | D:5      | Found an iron altar of Okawaru.
  3758 | D:5      | Found an ancient bone altar of Kikubaaqudgha.
  3776 | D:5      | Became a worshipper of Warmaster Okawaru
  3813 | D:5      | Reached skill level 7 in Fighting
  3858 | D:5      | Found a staircase to the Ecumenical Temple.
  3889 | D:5      | Found a broken altar of Ashenzari.
  3971 | D:5      | Noticed Grinder
  3987 | D:5      | Slain by an iguana

Illustrated notes

Levels and vault maps discovered:
D:1:      wander_arrival_fairy_ring, layout_rooms,
          dreamdust_ecumenical_altar_grove
D:2:      layout_basic, serial_rivers, chequers_serial_rivers_micro_e,
          chequers_serial_rivers_micro_c, chequers_serial_rivers_large_a,
          chequers_serial_rivers_micro_b, chequers_serial_rivers_small_3,
          serial_shops, shop_statue
D:3:      layout_basic, serial_shops, nicolae_diamond_shop,
          gammafunk_ghost_grave
D:4:      layout_loops_ring, gup_sewer_entry_spiral, palyth_stone_intersect
D:5:      layout_layer_cave, nicolae_overflow_hidden_temple,
          amcnicky_altar_gilded, grunt_temple_overflow_open,
          minmay_temple_entry_sparse_star, uniq_grinder

Skill      XL: |  1  2  3  4  5  6  7 |
---------------+----------------------+-----
Fighting       | 4 5 6 7 |  7.1
Axes           | 3 4 5 6 |  6.3
Armour         | 4 5 |  5.4
Shields        | 4 5 |  5.4
Invocations    | |  0.5

Action                     |  1- 3 |  4- 6 |  7- 9 || total
---------------------------+-------+-------+-------++-------
  Melee: War axe           |    81 |   150 |    57 ||   288
         Headbutt          |    12 |    25 |    11 ||    48
    Use: Scroll            |       |     3 |     2 ||     5
         Potion            |       |     3 |     1 ||     4
 Armour: Scale mail        |    27 |       |       ||    27
         Chain mail        |    25 |    78 |    51 ||   154
  Dodge: Dodged            |    35 |    39 |    18 ||    92
  Block: Buckler           |     4 |       |       ||     4
         Kite shield       |    30 |    63 |    26 ||   119

Table legend: (Time is in decaauts)
 A = Elapsed time spent in this place.
 B = Non-inter-level travel time spent in this place.
 C = Inter-level travel time spent in this place.
 D = Time resting spent in this place.
 E = Time spent auto-exploring this place.
 F = Levels seen in this place.
 G = Mean time per level.
                   A        B        C        D        E       F      G
               +--------+--------+--------+--------+--------+-----+--------+
         Total |   4106 |   4012 |     94 |    440 |   2702 |   6 |  684.3 |
       Dungeon |   3591 |   3497 |     94 |    295 |   2516 |   5 |  718.2 |
         Sewer |    514 |    514 |      0 |    145 |    186 |   1 |  514.0 |
               +--------+--------+--------+--------+--------+-----+--------+

Top non-repeatable levels by time:
     D:4: 1234 daAuts
     D:2: 923 daAuts
     D:3: 707 daAuts
   Sewer: 514 daAuts
     D:1: 486 daAuts
     D:5: 240 daAuts
